 Dungeon Crawl Stone Soup version 0.29-a0-380-gf50f0a9fbc (webtiles) character file.

Game seed: 6000073100325127378

330 freelancePsychic the Sneak (level 6, -3/39 HPs)
             Began as a Kobold Berserker on May 5, 2022.
             Was a Believer of Trog.
             Slain by a black bear (7 damage)
             ... on level 4 of the Dungeon.
             The game lasted 00:05:39 (3581 turns).

freelancePsychic the Sneak (Kobold Berserker)       Turns: 3581, Time: 00:05:40

Health: -3/39      AC:  3    Str: 14    XL:     6   Next: 81%
Magic:  6/6        EV: 15    Int:  9    God:    Trog [**....]
Gold:   177        SH:  0    Dex: 16    Spells: 5/5 levels left

rFire   . . .      SeeInvis .   A - +0 dagger (venom)
rCold   . . .      Faith    .   (no shield)
rNeg    . . .      Spirit   .   b - +0 animal skin
rPois   .          Reflect  .   (no helmet)
rElec   .          Harm     .   (no cloak)
rCorr   .          Rampage  .   d - +0 pair of gloves
Will    +....                   (no boots)
Stlth   ++++......              (no amulet)
HPRegen 0.13/turn               f - ring of willpower
MPRegen 0.10/turn               (no ring)

@: no status effects
A: small, no large weapons, nightstalker 3
a: Renounce Religion, Berserk, Trog's Hand


You were on level 4 of the Dungeon.
You worshipped Trog.
Trog was pleased with you.
You visited 1 branch of the dungeon, and saw 4 of its levels.

You collected 177 gold pieces.

Inventory:

Hand Weapons
 A - a +0 dagger of venom (weapon)
Missiles
 x - 8 poisoned darts (quivered)
Armour
 b - a +0 animal skin (worn)
 d - a +0 pair of gloves (worn)
Jewellery
 f - a ring of willpower (left hand)
Scrolls
 a - a scroll of torment {unknown}
 e - a scroll of fog
 h - a scroll of enchant weapon {unknown}
 i - a scroll of poison
 j - 2 scrolls of identify {@r1}
 k - 4 scrolls of teleportation {@r4}
 l - 3 scrolls of fear
 m - a scroll of magic mapping {unknown}
 t - a scroll of summoning {unknown}
 u - 2 scrolls of enchant armour {unknown}
 v - a scroll of blinking {unknown}
 w - a scroll of immolation {unknown}
 y - a scroll of vulnerability
Potions
 c - 4 potions of curing {unknown}
 g - a potion of might {unknown}
 n - a potion of lignification {unknown}
 o - 2 potions of mutation {unknown}
 p - 2 potions of flight {unknown}
 r - 3 potions of heal wounds {unknown}
 s - 2 potions of haste {unknown}
 z - a potion of berserk rage {unknown}


   Skills:
 + Level 4.7 Fighting
 + Level 5.7 Short Blades
 + Level 1.3 Throwing
 - Level 1.5 Armour
 - Level 2.4 Dodging
 * Level 6.1 Stealth


You had 5 spell levels left.
You didn't know any spells.
Your spell library was empty.

Dungeon Overview and Level Annotations

Branches:
Dungeon (4/15)
 Temple: D:4-7

Altars:
Trog
The Shining One

Annotations:
D:4 exclusion: ball python, Sigmund


Innate Abilities, Weirdness & Mutations

You are small and have problems with some larger weapons.
You are completely attuned to the shadows.


Message History

The black bear bites you.
The black bear claws you but does no damage.
The black bear closely misses you.
You hit the black bear.
The black bear looks as sick as possible!
The black bear is moderately wounded.
You hit the black bear.
The black bear looks as sick as possible!
The black bear is heavily wounded.
The black bear bites you. The black bear closely misses you.
The black bear misses you.
You barely miss the black bear.
The black bear is heavily wounded.
The black bear barely misses you. The black bear claws you.
The black bear closely misses you.
You hit the black bear.
The black bear is severely wounded.
The black bear completely misses you. x2
The black bear claws you but does no damage.
You hit the black bear but do no damage.
The black bear looks as sick as possible!
The black bear is severely wounded.
You hit the black bear but do no damage.
The black bear looks as sick as possible!
The black bear is severely wounded.
The black bear goes berserk!
You completely miss the black bear.
The black bear is severely wounded.
The black bear bites you but does no damage.
The black bear claws you. x2
You hit the black bear but do no damage.
The black bear is severely wounded.
The black bear bites you. The black bear claws you. The black bear misses you.
The black bear attacks as you move away!
The black bear closely misses you. The black bear claws you.
* * * LOW HITPOINT WARNING * * *
The black bear claws you.
* * * LOW HITPOINT WARNING * * *
The black bear bites you!
You die...

####
###################...
..................#...
..................#...
<(................#...
..(.h@......##'####...
............#.........
............#......###
##...##.....+......#
######.....#......#
########......#
.......#......#
<.......#.....##
........#.....#


You could see a black bear (berserk, extremely poisoned).

Vanquished Creatures
  Pargi (D:4)
  A hound (D:2)
  Jessica (D:2)
  4 adders
  7 gnolls
  3 dart slugs
  2 ball pythons
  5 endoplasms
  2 giant cockroaches (D:1)
  9 goblins
  11 hobgoblins
  4 jackals (D:3)
  3 quokkas
  3 bats
  7 frilled lizards
  5 kobolds
  6 rats
74 creatures vanquished.

Notes
Turn   | Place    | Note
-------+----------+-------------------------------------------
     0 | D:1      | freelancePsychic the Kobold Berserker began the quest for
                  | the Orb.
     0 | D:1      | Reached XP level 1. HP: 14/14 MP: 1/1
   220 | D:1      | Reached skill level 1 in Stealth
   427 | D:1      | Reached XP level 2. HP: 19/19 MP: 2/2
   453 | D:1      | Reached skill level 2 in Stealth
   633 | D:1      | Found a faded altar of an unknown god.
   882 | D:1      | Reached XP level 3. HP: 21/23 MP: 3/3
  1161 | D:2      | Found a glowing golden altar of the Shining One.
  1328 | D:2      | Reached ** piety under Trog
  1352 | D:2      | Reached skill level 3 in Stealth
  1474 | D:2      | Noticed Jessica
  1480 | D:2      | Killed Jessica
  1481 | D:2      | Reached XP level 4. HP: 29/29 MP: 4/4
  1608 | D:2      | Reached skill level 4 in Stealth
  1809 | D:2      | Reached XP level 5. HP: 31/33 MP: 5/5
  1977 | D:2      | Reached skill level 5 in Short Blades
  2243 | D:3      | Reached skill level 5 in Stealth
  2391 | D:3      | Found a bloodstained altar of Trog.
  2442 | D:3      | Reached XP level 6. HP: 37/39 MP: 6/6
  3012 | D:3      | Reached *** piety under Trog
  3205 | D:3      | Noticed an ice beast
  3434 | D:4      | Noticed Sigmund
  3460 | D:4      | Noticed Pargi
  3468 | D:4      | Killed Pargi
  3469 | D:4      | Reached skill level 1 in Throwing
  3469 | D:4      | Reached skill level 6 in Stealth
  3568 | D:4      | Noticed a black bear
  3581 | D:4      | Slain by a black bear

Illustrated notes

Levels and vault maps discovered:
D:1:      dpeg_arrival_rooms_a, layout_basic, basic_ecumenical_altar,
          chequers_serial_rivers_room_b
D:2:      layout_rooms, basic_altar, minmay_goblin_kobold_house, uniq_jessica
D:3:      layout_basic, lemuel_crystal_altar, minmay_ruptured
D:4:      layout_gridville, uniq_sigmund, uniq_blork_the_orc, uniq_pargi,
          uniq_grinder

Skill      XL: |  1  2  3  4  5  6 |
---------------+-------------------+-----
Stealth        | 1 2 3 4 5 6 |  6.1
Fighting       | 4 |  4.7
Short Blades   | 5 |  5.7
Throwing       | 1 |  1.3
Armour         | |  1.5
Dodging        | |  2.4

Action                   |  1- 3 |  4- 6 || total
-------------------------+-------+-------++-------
Melee: Short sword       |    17 |       ||    17
       Dagger            |    73 |   157 ||   230
Throw: Dart              |       |     4 ||     4
Invok: Berserk           |     1 |     3 ||     4
       Trog's Hand       |       |     1 ||     1
  Use: Scroll            |     3 |     2 ||     5
 Stab: Sleeping          |    14 |    20 ||    34
       Distracted        |       |     1 ||     1
Armor: Animal skin       |    10 |    21 ||    31
Dodge: Dodged            |    38 |    76 ||   114

Table legend: (Time is in decaauts)
 A = Elapsed time spent in this place.
 B = Non-inter-level travel time spent in this place.
 C = Inter-level travel time spent in this place.
 D = Time resting spent in this place.
 E = Time spent auto-exploring this place.
 F = Levels seen in this place.
 G = Mean time per level.
                   A        B        C        D        E       F      G
               +--------+--------+--------+--------+--------+-----+--------+
         Total |   3553 |   3489 |     64 |    249 |   2709 |   4 |  888.2 |
       Dungeon |   3553 |   3489 |     64 |    249 |   2709 |   4 |  888.2 |
               +--------+--------+--------+--------+--------+-----+--------+

Top non-repeatable levels by time:
     D:3: 1180 daAuts
     D:1: 1120 daAuts
     D:2: 898 daAuts
     D:4: 354 daAuts
